XFBL
BALTIMORE ORIOLES @ NEW YORK YANKEES
06/19/1982
 
TOP OF THE 1ST
Baltimore Orioles batting - Pitching for New York Yankees : RHP Mike Parrott
Pitching: RHP Mike Parrott
Batting: SHB Willie McGee 0-0: Foul Ball, location: 2F
0-1: Called Strike
0-2: SINGLE (Line Drive, 56, EV 103.8 MPH)
Batting: SHB Johnny Ray 0-0: Ball
1-0: Ball
Willie McGee steals 2nd base
2-0: Foul Ball, location: 2F
2-1: SINGLE (Groundball, 4MD, EV 103.1 MPH)
Willie McGee to third
Runner from 3rd tries for Home, SAFE, throw by CF to home
Batting: LHB Dave Parker 0-0: Ball
1-0: Called Strike
1-1: Ball
2-1: Fly out, F7 (Flyball, 7LS, EV 82.5 MPH)
Batting: RHB Dwight Evans 0-0: Ball
1-0: SINGLE (Line Drive, 8RS, EV 111.3 MPH)
Johnny Ray to second
Runner from 2nd tries for 3rd, SAFE, throw by CF made to third
Batting: LHB Fred Lynn 0-0: Ball
1-0: Called Strike
1-1: Swinging Strike
1-2: Foul Ball, location: 2F
1-2: Grounds into double play, 4-6-3 (Groundball, 34D, EV 93.8 MPH)
Top of the 1st over - 1 run, 3 hits, 0 errors, 1 left on base; Baltimore 1 - New York 0
BOTTOM OF THE 1ST
New York Yankees batting - Pitching for Baltimore Orioles : RHP Oscar Silva
Pitching: RHP Oscar Silva
Batting: LHB Wade Boggs 0-0: Ball
1-0: DOUBLE (Flyball, 8RXD, EV 94.4 MPH)
Batting: SHB Willie Wilson 0-0: SINGLE (Groundball, 4MD, EV 98.8 MPH)
Wade Boggs to third
Runner from 3rd tries for Home, SAFE, throw by CF to home
Batting: LHB Kent Hrbek 0-0: Ball
1-0: Called Strike
1-1: Ball
2-1: Ball
3-1: Called Strike
3-2: Base on Balls
Willie Wilson to second
Batting: RHB Pedro Guerrero 0-0: Ball
1-0: Swinging Strike
1-1: Ball
2-1: Ball
3-1: Foul Ball, location: 2F
3-2: Foul Ball, location: 2F
3-2: 3-RUN HOME RUN (Line Drive, 8LXD, EV 102.5 MPH), Distance : 441 ft
Batting: LHB George Kaage 0-0: Foul Ball, location: 2F
0-1: Ground out U3 (Groundball, 34, EV 102.5 MPH)
Batting: SHB Tim Raines 0-0: Ball
1-0: Ball
2-0: Called Strike
2-1: TRIPLE (Flyball, 89XD, EV 93.1 MPH)
Batting: RHB Emanuel Cortez 0-0: Ball
1-0: Ball
2-0: Foul Ball, location: 2F
2-1: Foul Ball, location: 2F
2-2: Fly out, F8 (Flyball, 8LM, EV 76.9 MPH)
Runner from 3rd tags up, OUT at HOME! 8-2
Bottom of the 1st over - 4 runs, 4 hits, 0 errors, 0 left on base; Baltimore 1 - New York 4
TOP OF THE 2ND
Baltimore Orioles batting - Pitching for New York Yankees : RHP Mike Parrott
Batting: SHB Steve R Ontiveros 0-0: Ball
1-0: Ball
2-0: Foul Ball, location: 2F
2-1: Ground out 3-1 (Groundball, 34S, EV 86.9 MPH)
Batting: RHB Matt Rice 0-0: Swinging Strike
0-1: SINGLE (Line Drive, 4MD, EV 108.8 MPH)
Batting: RHB Dennis Werth 0-0: Called Strike
0-1: SINGLE (Line Drive, 34, EV 100.0 MPH)
Matt Rice to second
Runner from 2nd tries for 3rd, SAFE, no throw by RF
Batting: RHB Garth Iorg 0-0: Ball
1-0: Fly out, F9 (Flyball, 9S, EV 93.1 MPH)
Runner from 3rd tags up, OUT at HOME! 9-2
Top of the 2nd over - 0 runs, 2 hits, 0 errors, 1 left on base; Baltimore 1 - New York 4
BOTTOM OF THE 2ND
New York Yankees batting - Pitching for Baltimore Orioles : RHP Oscar Silva
Batting: LHB Ron Hassey 0-0: Ball
1-0: Ball
2-0: Ball
3-0: Called Strike
3-1: Base on Balls
Batting: SHB Jerry Manuel 0-0: Called Strike
0-1: Foul Ball, location: 2F
0-2: Ball
1-2: Strikes out swinging
Batting: LHB Wade Boggs 0-0: Called Strike
0-1: Ball
1-1: Called Strike
1-2: Fielders Choice at 2nd, 4-6 (Groundball, 34, EV 86.3 MPH)
Batting: SHB Willie Wilson 0-0: Called Strike
0-1: Ball
1-1: Swinging Strike
1-2: Strikes out looking
Bottom of the 2nd over - 0 runs, 0 hits, 0 errors, 1 left on base; Baltimore 1 - New York 4
TOP OF THE 3RD
Baltimore Orioles batting - Pitching for New York Yankees : RHP Mike Parrott
Batting: SHB Willie McGee 0-0: Fly out, F8 (Flyball, 8RXD, EV 106.9 MPH)
Batting: SHB Johnny Ray 0-0: SINGLE (Line Drive, 8RS, EV 90.6 MPH)
Batting: LHB Dave Parker 0-0: Called Strike
0-1: Reached via error on a dropped throw from 1B, E1 (Groundball, 34S, EV 91.9 MPH)
Johnny Ray to second
Batting: RHB Dwight Evans 0-0: Ball
1-0: Foul Ball, location: 2F
1-1: Ball
2-1: Ball
3-1: Called Strike
3-2: Foul Ball, location: 2F
3-2: Grounds into double play, 6-4-3 (Groundball, 6S, EV 83.1 MPH)
Top of the 3rd over - 0 runs, 1 hit, 1 error, 1 left on base; Baltimore 1 - New York 4
BOTTOM OF THE 3RD
New York Yankees batting - Pitching for Baltimore Orioles : RHP Oscar Silva
Batting: LHB Kent Hrbek 0-0: Swinging Strike
0-1: SINGLE (Groundball, 6MD, EV 99.4 MPH)
Batting: RHB Pedro Guerrero 0-0: Grounds into double play, 5-4-3 (Groundball, 56, EV 107.5 MPH)
Batting: LHB George Kaage 0-0: Ball
1-0: Ball
2-0: Ball
3-0: Called Strike
3-1: Foul Ball, location: 2F
3-2: Ground out 3-1 (Groundball, 34, EV 92.5 MPH)
Bottom of the 3rd over - 0 runs, 1 hit, 0 errors, 0 left on base; Baltimore 1 - New York 4
TOP OF THE 4TH
Baltimore Orioles batting - Pitching for New York Yankees : RHP Mike Parrott
Batting: LHB Fred Lynn 0-0: SOLO HOME RUN (Flyball, 9D, EV 89.4 MPH), Distance : 374 ft
Batting: SHB Steve R Ontiveros 0-0: Ball
1-0: Ball
2-0: Called Strike
2-1: Ball
3-1: Base on Balls
Batting: RHB Matt Rice 0-0: Ball
1-0: Called Strike
1-1: Foul Ball, location: 2F
1-2: Hit by Pitch
Steve R Ontiveros to second
Batting: RHB Dennis Werth 0-0: Ball
1-0: Ball
2-0: Ball
3-0: Base on Balls
Steve R Ontiveros to third
Matt Rice to second
Batting: RHB Garth Iorg 0-0: Ball
1-0: Foul Ball, location: 2F
1-1: Called Strike
1-2: Ball
2-2: Strikes out swinging
Batting: SHB Willie McGee 0-0: Fly out, F7 (Flyball, 78D, EV 90.6 MPH)
Runner from 3rd tags up, SCORES, throw by LF
Batting: SHB Johnny Ray 0-0: Foul Ball, location: 2F
0-1: Swinging Strike
0-2: Foul Ball, location: 2F
0-2: Ground out 4-3 (Groundball, 4M, EV 101.3 MPH)
Top of the 4th over - 2 runs, 1 hit, 0 errors, 2 left on base; Baltimore 3 - New York 4
BOTTOM OF THE 4TH
New York Yankees batting - Pitching for Baltimore Orioles : RHP Oscar Silva
Batting: SHB Tim Raines 0-0: Foul Ball, location: 2F
0-1: Ball
1-1: Called Strike
1-2: DOUBLE (Groundball, 5L, EV 100.0 MPH)
Batting: RHB Emanuel Cortez 0-0: Ball
1-0: Ball
2-0: Ball
3-0: Base on Balls
Batting: LHB Ron Hassey 0-0: Called Strike
0-1: Ball
1-1: Hit by Pitch
Tim Raines to third
Emanuel Cortez to second
Batting: SHB Jerry Manuel 0-0: Fielders Choice at 2nd, 5-4 (Groundball, 56S, EV 84.4 MPH)
Tim Raines scores
Emanuel Cortez to third
Batting: LHB Wade Boggs 0-0: Ball
Jerry Manuel steals 2nd base
1-0: Ball
2-0: Ball
3-0: Called Strike
3-1: Base on Balls
Batting: SHB Willie Wilson 0-0: Ball
1-0: Fielders Choice at 2nd, 4-6 (Groundball, 4, EV 80.0 MPH)
Emanuel Cortez scores
Jerry Manuel to third
Batting: LHB Kent Hrbek 0-0: Ball
1-0: Ball
2-0: Called Strike
2-1: Fly out, F8 (Flyball, 8LM, EV 80.6 MPH)
Bottom of the 4th over - 2 runs, 1 hit, 0 errors, 2 left on base; Baltimore 3 - New York 6
TOP OF THE 5TH
Baltimore Orioles batting - Pitching for New York Yankees : RHP Mike Parrott
Batting: LHB Dave Parker 0-0: Ball
1-0: Ball
2-0: Called Strike
2-1: Called Strike
2-2: Strikes out swinging
Batting: RHB Dwight Evans 0-0: Ball
1-0: Ball
2-0: Ball
3-0: Base on Balls
Batting: LHB Fred Lynn 0-0: Ball
1-0: Ball
2-0: 2-RUN HOME RUN (Flyball, 78XD, EV 106.3 MPH), Distance : 448 ft
Batting: SHB Steve R Ontiveros 0-0: Called Strike
0-1: SINGLE (Groundball, 34S, EV 72.5 MPH) (infield hit)
Batting: RHB Matt Rice 0-0: Fly out, F7 (Flyball, 78S, EV 78.8 MPH)
Batting: RHB Dennis Werth 0-0: Ball
1-0: Fly out, F7 (Flyball, 7LS, EV 93.1 MPH)
Top of the 5th over - 2 runs, 2 hits, 0 errors, 1 left on base; Baltimore 5 - New York 6
BOTTOM OF THE 5TH
New York Yankees batting - Pitching for Baltimore Orioles : RHP Oscar Silva
Batting: RHB Pedro Guerrero 0-0: Hit by Pitch
Batting: LHB George Kaage 0-0: Called Strike
0-1: Hit by Pitch
Pedro Guerrero to second
Pitching: RHP Jim M Hughes
Batting: SHB Tim Raines 0-0: Ball
1-0: Fly out, F6 (Line Drive, 6, EV 73.1 MPH)
Batting: RHB Emanuel Cortez 0-0: Fielders Choice at 2nd, 3-6 (Groundball, 34, EV 86.3 MPH)
Pedro Guerrero to third
Batting: LHB Ron Hassey 0-0: Called Strike
0-1: Ball
1-1: Ground out 6-3 (Groundball, 6MD, EV 101.9 MPH)
Bottom of the 5th over - 0 runs, 0 hits, 0 errors, 2 left on base; Baltimore 5 - New York 6
TOP OF THE 6TH
Baltimore Orioles batting - Pitching for New York Yankees : RHP Mike Parrott
Batting: RHB Garth Iorg 0-0: Ball
1-0: Fly out, F7 (Flyball, 78S, EV 90.0 MPH)
Batting: SHB Willie McGee 0-0: Ball
1-0: Single, Error in OF, E7, batter to second base (Line Drive, 7LS, EV 113.1 MPH)
Batting: SHB Johnny Ray 0-0: Called Strike
Willie McGee is caught stealing 3rd base 2-5
0-1: Ball
1-1: Ground out 4-3 (Groundball, 4, EV 91.3 MPH)
Top of the 6th over - 0 runs, 1 hit, 1 error, 0 left on base; Baltimore 5 - New York 6
BOTTOM OF THE 6TH
New York Yankees batting - Pitching for Baltimore Orioles : RHP Jim M Hughes
Batting: SHB Jerry Manuel 0-0: Called Strike
0-1: Called Strike
0-2: Ball
1-2: Ground out 6-3 (Groundball, 6, EV 102.5 MPH)
Batting: LHB Wade Boggs 0-0: Called Strike
0-1: DOUBLE (Line Drive, 7LD, EV 103.8 MPH)
Batting: SHB Willie Wilson 0-0: Called Strike
0-1: Ball
1-1: Swinging Strike
1-2: Ball
2-2: Ball
3-2: Foul Ball, location: 2F
3-2: Base on Balls
Batting: LHB Kent Hrbek 0-0: Ball
1-0: Ball
2-0: Foul Ball, location: 2F
2-1: Swinging Strike
2-2: Grounds into double play, 6-4-3 (Groundball, 6, EV 88.1 MPH)
Bottom of the 6th over - 0 runs, 1 hit, 0 errors, 1 left on base; Baltimore 5 - New York 6
TOP OF THE 7TH
Baltimore Orioles batting - Pitching for New York Yankees : RHP Mike Parrott
Batting: LHB Dave Parker 0-0: Called Strike
0-1: Foul Ball, location: 2F
0-2: SOLO HOME RUN (Flyball, 89XD, EV 99.4 MPH), Distance : 442 ft
Pitching: LHP Jose Paz
Batting: RHB Dwight Evans 0-0: Called Strike
0-1: Foul Ball, location: 2F
0-2: Foul Ball, location: 2F
0-2: Ball
1-2: Foul Ball, location: 2F
1-2: Ball
2-2: Ball
3-2: Ground out 5-3 (Groundball, 56S, EV 74.4 MPH)
Batting: LHB Fred Lynn 0-0: Called Strike
0-1: Foul Ball, location: 2F
0-2: Ball
1-2: Strikes out swinging
Batting: SHB Steve R Ontiveros 0-0: Ball
1-0: Ball
2-0: Ball
3-0: Base on Balls
Batting: RHB Matt Rice 0-0: Ball
1-0: Called Strike
1-1: Ball
2-1: Foul Ball, location: 2F
2-2: Foul Ball, location: 2F
2-2: Strikes out looking
Top of the 7th over - 1 run, 1 hit, 0 errors, 1 left on base; Baltimore 6 - New York 6
BOTTOM OF THE 7TH
New York Yankees batting - Pitching for Baltimore Orioles : RHP Jim M Hughes
Batting: RHB Pedro Guerrero 0-0: Ball
1-0: Fly out, F8 (Flyball, 8RD, EV 90.0 MPH)
Batting: LHB George Kaage 0-0: Foul Ball, location: 2F
0-1: SINGLE (Groundball, 4MD, EV 95.0 MPH)
Batting: SHB Tim Raines 0-0: Ball
1-0: Ball
2-0: Foul Ball, location: 2F
2-1: Ball
3-1: Base on Balls
George Kaage to second
Batting: RHB Emanuel Cortez 0-0: Ball
1-0: Ball
2-0: Ball
3-0: Base on Balls
George Kaage to third
Tim Raines to second
Batting: LHB Ron Hassey 0-0: Ball
Passed Ball!
George Kaage scores
Tim Raines to third
Emanuel Cortez to second
1-0: Fly out, F9 (Flyball, 9, EV 81.3 MPH)
Runner from 3rd tags up, SCORES, throw by RF
Emanuel Cortez to third
Batting: SHB Jerry Manuel 0-0: Called Strike
0-1: Ball
1-1: Foul Ball, location: 2F
1-2: Ball
2-2: Fly out, F8 (Flyball, 8RM, EV 93.8 MPH)
Bottom of the 7th over - 2 runs, 1 hit, 0 errors, 1 left on base; Baltimore 6 - New York 8
TOP OF THE 8TH
Baltimore Orioles batting - Pitching for New York Yankees : LHP Jose Paz
Now in CF: Larry Hyman
Batting: RHB Dennis Werth 0-0: Ball
1-0: Ball
2-0: Called Strike
2-1: Fly out, F7 (Flyball, 7, EV 92.5 MPH)
Batting: RHB Garth Iorg 0-0: Called Strike
0-1: Ball
1-1: Foul Ball, location: 2F
1-2: SINGLE (Groundball, 13S, EV 69.4 MPH) (infield hit)
Batting: SHB Willie McGee 0-0: SINGLE (Flyball, 4MD, EV 91.3 MPH)
Garth Iorg to second
Batting: SHB Johnny Ray 0-0: Ball
1-0: Foul Ball, location: 2F
1-1: Ball
2-1: Swinging Strike
2-2: Grounds into double play, 6-4-3 (Groundball, 6, EV 78.1 MPH)
Top of the 8th over - 0 runs, 2 hits, 0 errors, 1 left on base; Baltimore 6 - New York 8
BOTTOM OF THE 8TH
New York Yankees batting - Pitching for Baltimore Orioles : RHP Jim M Hughes
Pitching: LHP Dave LaRoche
Batting: LHB Wade Boggs 0-0: Ball
1-0: Called Strike
1-1: Swinging Strike
1-2: Strikes out swinging
Batting: SHB Willie Wilson 0-0: Ground out 6-3 (Groundball, 6, EV 100.6 MPH)
Batting: LHB Kent Hrbek 0-0: Foul Ball, location: 2F
0-1: Ball
1-1: Foul Ball, location: 2F
1-2: Ball
2-2: Foul Ball, location: 2F
2-2: Ball
3-2: Fly out, F6 (Flyball, 56D, EV 75.6 MPH)
Bottom of the 8th over - 0 runs, 0 hits, 0 errors, 0 left on base; Baltimore 6 - New York 8
TOP OF THE 9TH
Baltimore Orioles batting - Pitching for New York Yankees : LHP Jose Paz
Now in LF: David Hall
Batting: LHB Dave Parker 0-0: Called Strike
0-1: Swinging Strike
0-2: Strikes out swinging
Batting: RHB Dwight Evans 0-0: Called Strike
0-1: Ball
1-1: Swinging Strike
1-2: Strikes out swinging
Batting: LHB Fred Lynn 0-0: Called Strike
0-1: Swinging Strike
0-2: Ball
1-2: Foul Ball, location: 2F
1-2: Ball
2-2: Strikes out looking
Top of the 9th over - 0 runs, 0 hits, 0 errors, 0 left on base; Baltimore 6 - New York 8
Friday, August 7th, 2020 - OOTP Baseball 21.5 Build 76